Description

Taken from uThermal's "UNSTOPPABLE TvT Push - Terran School #29"

VOD

https://youtu.be/jX1WnHW11ak

Build Order

Get SALT Encoding   

  14  0:17  Supply Depot  
  16  0:40  Barracks  
  16  0:43  Refinery  
  19  1:27  Orbital Command, Marine  Do not show the Marine
  20  1:40  Command Center  At natural
  20  1:45  Barracks Reactor  
  21  1:58  Supply Depot  
  22  2:12  Factory  Proxy location
  23  2:18  Refinery  
  23  2:20  Marine x2  Constant Marine production
  30  2:52  Orbital Command  
  30  2:57  Factory Tech Lab, Starport  Proxy location
  32  3:16  Siege Tank  
  41  3:35  Medivac  
  43  3:50  Siege Tank  
  55  4:22  Siege Tank  
  59  4:27  Viking  
Spawning Tool Build Advisor. Get it on Overwolf

Analysis

-Do not show your first Marine unless you can kill a probe with it

-Place the Factory and Starport in a proxy location

-Always prioritize building units like Tanks before SCV's for this type of all-in

-Should have ~11 Marines by the time you move out when your first Medivac finishes

-Want to sync Marine moveout with Tanks. Bring Tanks in Medivac for speed

-Bring 3 SCV's with the push. You can use them to build a bunker during the fight if needed

-If there is a battery at the front, try to snipe it first if your opponent isn't protecting it

-Always target the Immortal if your opponent has one

-If your opponent doesn't die, drop a third Command Center in your base, add two Barracks and fly your Factory and Starport home

Go to:

Details

  • Created by: zebulajams    
  • Published on: Dec 09, 2021
  • Modified on: Dec 09, 2021
  • Patch: 4.11.0
  • Difficulty: Easy
Show
View Real Time Build Order
Export as new Build Order

Comments (0)

There are no comments. Be the first!

Create an account to comment!